 Dungeon Crawl Stone Soup version 0.21.1-1-g345015f (webtiles) character file.

9487 erloom the Fighter (level 11, -4/95 HPs)
             Began as a Demonspawn Fighter on Mar 7, 2018.
             Was a Priest of Makhleb.
             Splashed by Maurice's acid (14 damage)
             ... on level 10 of the Dungeon.
             The game lasted 00:31:45 (12452 turns).

erloom the Fighter (Demonspawn Fighter)            Turns: 12452, Time: 00:31:46

Health: -4/95      AC:  9    Str: 16    XL:     11   Next: 23%
Magic:  22/22      EV:  2    Int: 13    God:    Makhleb [***...]
Gold:   378        SH:  8    Dex: 13    Spells: 10/10 levels left

rFire    . . .     SeeInvis .   G - +2 war axe (curse)
rCold    . . .     Gourm    .   c - +0 shield
rNeg     . . .     Faith    .   r - +0 plate armour
rPois    .         Spirit   .   (no helmet)
rElec    .         Reflect  .   (no cloak)
rCorr    .         Harm     .   y - +1 pair of gloves
MR       .....                  (boots unavailable)
Stlth    ..........             (no amulet)
HPRegen  0.25/turn              g - ring of magical power
MPRegen  0.18/turn              (no ring)

@: corroded
A: talons 3, thin metallic scales 2, demonic guardian 2, spiny 1
a: Minor Destruction, Lesser Servant of Makhleb, Renounce Religion


You were on level 10 of the Dungeon.
You worshipped Makhleb.
Makhleb was most pleased with you.
You were not hungry.

You visited 2 branches of the dungeon, and saw 11 of its levels.

You collected 378 gold pieces.

Inventory:

Hand Weapons
 D - a +0 broad axe
 G - a cursed +2 war axe (weapon)
Missiles
 x - 4 poisoned tomahawks
 C - 8 tomahawks (quivered)
 F - 5 javelins
Armour
 b - a +0 scale mail
 c - a +0 shield (worn)
 r - a +0 plate armour (worn)
 y - a +1 pair of gloves (worn)
Jewellery
 g - a ring of magical power (left hand)
Wands
 l - a wand of clouds (4)
 o - a wand of iceblast (3)
 z - a wand of polymorph (10)
 A - a wand of enslavement (20)
 H - a wand of acid (12)
Scrolls
 j - a scroll of fear
 m - 8 scrolls of teleportation
 n - a scroll of amnesia
 p - 2 scrolls of random uselessness
 s - 6 scrolls of remove curse
 v - a scroll of blinking
 B - 2 scrolls of enchant armour
 I - 2 scrolls of enchant weapon
Potions
 d - a potion of might
 e - 2 potions of mutation
 h - a potion of brilliance {unknown}
 i - 2 potions of agility {unknown}
 k - 5 potions of curing
 q - a potion of haste
 t - 3 potions of flight {unknown}
 u - 2 potions of ambrosia {unknown}
 w - 2 potions of cancellation {unknown}
 E - a potion of invisibility {unknown}
Books
 L - a book of Frost

   Spells                             Type                      Level
   a - Freeze                         Ice                          1
   b - Throw Frost                    Conjuration/Ice              2
   c - Ozocubu's Armour               Charms/Ice                   3
   d - Throw Icicle                   Conjuration/Ice              4
   e - Summon Ice Beast               Ice/Summoning                4
Comestibles
 f - 13 rations


   Skills:
 + Level 12.0 Fighting
 + Level 10.9 Axes
 + Level 5.5 Armour
 - Level 2.6 Shields
 + Level 3.1 Invocations


You had 10 spell levels left.
You didn't know any spells.

Dungeon Overview and Level Annotations

Branches:
Dungeon (10/15)            Temple (1/1) D:7
   Lair: D:8-11         Orc: D:9-12

Altars:
Ashenzari
Dithmenos
Elyvilon
Gozag
Makhleb
Nemelex Xobeh
Trog
Uskayaw
Vehumet
Wu Jian
Xom
Yredelemnul
Zin
The Shining One

Annotations:
D:8 Prince Ribbit
D:10 Maurice


Innate Abilities, Weirdness & Mutations

You have claws for feet.
You are mostly covered in thin metallic scales. (AC +3)
A demonic guardian rushes to your aid.
You are partially covered in sharp spines.


Message History

Maurice steals 1 of your 5 poisoned tomahawks!
An orc and an orc wizard come into view.
You hit Maurice but do no damage.
Maurice is severely wounded.
The orc wizard moves out of view.
Maurice is struck by your spines. Maurice hits you with a flail.
Maurice steals your +1 war axe!
Maurice wields a +1 war axe.
You closely miss Maurice.
Maurice is severely wounded.
You hit Maurice. Your kick misses Maurice.
Maurice is severely wounded.
Maurice zaps a wand.
The bolt of acid hits you!
You are splashed with acid!
The acid burns!
* * * LOW HITPOINT WARNING * * *
You swap places.
Maurice zaps a wand.
The bolt of acid hits your soul eater.
Your soul eater is splashed with acid.
The acid corrodes your soul eater! The bolt of acid hits you!
* * * LOW HITPOINT WARNING * * *
The acid corrodes you!
You are splashed with acid!
The acid burns!
You die...

.....ยง.....
.P....... ..#
....... ###...#
..... ..#.#.# ..
... #.#.#.# #.#
#o# #.#.#.# #.#
#h# #.#.#.# #.#
#@##########.#.#.#
#.###
#)3@)..........#.#
####..>#
#.##########.#...#
.......#######.#
#.#.###
#...........#
#...#
#.###########
###@# ####.# #3#
..>..# #.# ######
#.# #
#############.#


You could see Maurice and a friendly soul eater.

Vanquished Creatures
  Erolcha (D:9)
  A two-headed ogre (D:10)
  Psyche (D:8)
  A centaur skeleton (D:10)
  A hornet (D:9)
  A spriggan (D:7)
  Grum (D:7)
  2 water moccasins
  6 orc warriors
  2 porcupines (D:10)
  2 ice beasts
  2 phantoms
  A sky beast (D:9)
  4 ogres
  A necrophage (D:9)
  2 wolves (D:8)
  A big kobold (D:7)
  Blork the orc (D:5)
  8 bullfrogs
  A gnoll sergeant (D:4)
  A wyvern skeleton (D:9)
  2 scorpions
  12 killer bees (D:10)
  6 wights
  10 howler monkeys
  A crimson imp (D:9)
  A quasit (D:7)
  3 bullfrog zombies
  8 hounds
  A jelly (D:6)
  2 bullfrog skeletons (D:8)
  5 orc priests
  A gnoll shaman (D:7)
  2 iguanas
  5 orc wizards
  10 worker ants
  A hound skeleton (D:7)
  2 worker ant zombies
  7 gnolls (D:7)
  A howler monkey skeleton (D:4)
  14 adders
  3 shadow imps
  An ooze (D:5)
  2 adder zombies
  An adder skeleton (D:4)
  2 worms
  2 dart slugs
  4 leopard geckos
  35 orcs
  12 giant cockroaches
  10 hobgoblins
  13 jackals
  13 kobolds
  2 quokkas
  2 ball pythons (D:3)
  5 bats
  6 frilled lizards
  8 goblins
  A leopard gecko skeleton (D:7)
  4 rats (D:2)
261 creatures vanquished.

Vanquished Creatures (collateral kills)
  2 two-headed ogres (D:9)
  Joseph (D:8)
  A centaur skeleton (D:10)
  A hippogriff (D:7)
  Eustachio (D:3)
  The ghost of Vesto the Skirmisher, an amateur MiFi (D:4)
  2 orc warriors
  An ogre (D:9)
  2 wolves (D:8)
  A scorpion (D:3)
  A jelly (D:10)
  An orc wizard (D:3)
  A bullfrog skeleton (D:7)
  2 orcs (D:3)
  A giant cockroach (D:3)
19 creatures vanquished.

Vanquished Creatures (others)
  25 fungi (D:10)
  4 plants (D:10)
29 creatures vanquished.

Grand Total: 309 creatures vanquished

Notes
Turn   | Place    | Note
-------+----------+-------------------------------------------
     0 | D:1      | erloom the Demonspawn Fighter began the quest for the Orb.
     0 | D:1      | Reached XP level 1. HP: 18/18 MP: 1/1
   119 | D:1      | Gained mutation: You are partially covered in thin metallic scales. (AC +2) [demonic ancestry]
   119 | D:1      | Reached XP level 2. HP: 22/24 MP: 2/2
   656 | D:2      | Gained mutation: You have sharp toenails. [demonic ancestry]
   656 | D:2      | Reached XP level 3. HP: 29/29 MP: 3/3
   708 | D:2      | Found a shadowy altar of Dithmenos.
   993 | D:1      | Reached skill level 4 in Fighting
  1289 | D:2      | Gained mutation: You have razor-sharp toenails. [demonic ancestry]
  1289 | D:2      | Reached XP level 4. HP: 24/37 MP: 4/4
  1879 | D:3      | Found a glowing golden altar of the Shining One.
  2216 | D:3      | Gained mutation: A weak demonic guardian rushes to your aid. [demonic ancestry]
  2216 | D:3      | Reached XP level 5. HP: 43/43 MP: 5/5
  2525 | D:3      | Reached skill level 5 in Fighting
  2550 | D:3      | Reached XP level 6. HP: 28/51 MP: 6/6
  2968 | D:4      | Noticed Vesto's ghost (amateur MiFi)
  2993 | D:4      | Killed Vesto's ghost
  3128 | D:4      | Noticed Eustachio
  3147 | D:3      | Killed Eustachio
  3147 | D:3      | Reached skill level 6 in Fighting
  3147 | D:3      | Reached skill level 5 in Axes
  3147 | D:3      | Reached XP level 7. HP: 41/58 MP: 7/7
  4445 | D:5      | Entered Level 5 of the Dungeon
  4906 | D:5      | Noticed Blork the orc
  4977 | D:4      | Reached skill level 7 in Fighting
  5407 | D:4      | Gained mutation: You are mostly covered in thin metallic scales. (AC +3) [demonic ancestry]
  5407 | D:4      | Reached XP level 8. HP: 47/67 MP: 8/8
  5845 | D:5      | Killed Blork the orc
  6072 | D:6      | Reached skill level 8 in Fighting
  6941 | D:7      | Found a staircase to the Ecumenical Temple.
  6950 | Temple   | Entered the Ecumenical Temple
  6988 | Temple   | Became a worshipper of Makhleb the Destroyer
  7045 | D:7      | Found a hide-covered altar of Uskayaw.
  7070 | D:7      | Gained mutation: A demonic guardian rushes to your aid. [demonic ancestry]
  7070 | D:7      | Reached XP level 9. HP: 68/75 MP: 9/9
  7171 | D:7      | Reached skill level 9 in Fighting
  7767 | D:7      | Reached * piety under Makhleb
  8366 | D:7      | Reached skill level 10 in Fighting
  8574 | D:8      | Noticed Grum
  8594 | D:7      | Killed Grum
  8860 | D:8      | Noticed Psyche
  8872 | D:8      | Killed Psyche
  8946 | D:8      | Noticed a two-headed ogre
  8947 | D:8      | Noticed Prince Ribbit
  9141 | D:9      | Gained mutation: You are partially covered in sharp spines. [demonic ancestry]
  9141 | D:9      | Reached XP level 10. HP: 86/86 MP: 10/10
  9211 | D:8      | Reached ** piety under Makhleb
  9359 | D:8      | Noticed Joseph
  9374 | D:8      | Killed Joseph
  9389 | D:8      | Found a shimmering altar of Xom.
  9414 | D:9      | Reached skill level 11 in Fighting
  9583 | D:8      | Reached skill level 10 in Axes
  9841 | D:9      | Noticed a two-headed ogre
  9847 | D:9      | Killed a two-headed ogre
 10087 | D:9      | Noticed a two-headed ogre
 10091 | D:9      | Killed a two-headed ogre
 10129 | D:9      | Noticed Erolcha
 10155 | D:9      | Killed Erolcha
 10937 | D:9      | Found an opulent altar of Gozag.
 11111 | D:9      | Found a white marble altar of Elyvilon.
 11615 | D:10     | Entered Level 10 of the Dungeon
 11662 | D:10     | Reached skill level 5 in Armour
 11706 | D:10     | Gained mutation: You have claws for feet. [demonic ancestry]
 11706 | D:10     | Reached XP level 11. HP: 82/95 MP: 11/11
 11708 | D:10     | Reached *** piety under Makhleb
 11708 | D:10     | Reached skill level 1 in Invocations
 11935 | D:10     | Noticed a two-headed ogre
 11966 | D:10     | Killed a two-headed ogre
 11967 | D:10     | Reached skill level 12 in Fighting
 12051 | D:10     | Noticed Maurice
 12452 | D:10     | Splashed by Maurice's acid

Skill      XL: |  1  2  3  4  5  6  7  8  9 10 11 |
---------------+----------------------------------+-----
Axes           | 2 3 4 5 6 7 9 10 | 10.9
Fighting       | 4 5 6 7 8 10 11 12 | 12.0
Armour         | 5 |  5.5
Invocations    | 3 |  3.1
Shields        | |  2.6

Action                   |  1- 3 |  4- 6 |  7- 9 | 10-12 || total
-------------------------+-------+-------+-------+-------++-------
Melee: War axe           |   124 |   185 |   262 |   216 ||   787
       Kick              |    11 |    41 |    99 |    63 ||   214
       Broad axe         |       |       |   150 |       ||   150
Evoke: Wand              |       |       |     3 |     3 ||     6
  Use: Scroll            |       |     5 |     6 |     5 ||    16
       Potion            |       |       |       |     2 ||     2
 Stab: Distracted        |       |     2 |     3 |       ||     5
  Eat: Chunk             |     1 |     6 |    17 |     9 ||    33
       Ration            |       |       |     1 |     1 ||     2
Armor: Scale mail        |    85 |     6 |       |       ||    91
       Plate armour      |       |   122 |   264 |    94 ||   480
Dodge: Dodged            |    36 |    18 |    39 |    19 ||   112
Block: Shield            |    70 |    98 |   172 |    89 ||   429
